 Dungeon Crawl Stone Soup version 0.27-a0-170-g607d9e9d85 (webtiles) character file.

Game seed: 16396458847091242499

7 dolemite99 the Chopper (level 2, -2/26 HPs)
             Began as a Hill Orc Chaos Knight on Jan 29, 2021.
             Was a Plaything of Xom.
             Slain by a wyvern (9 damage)
             ... on level 1 of the Dungeon.
             The game lasted 00:01:22 (675 turns).

dolemite99 the Chopper (Hill Orc Chaos Knight)       Turns: 675, Time: 00:01:22

Health: -2/26      AC:  5    Str: 14    XL:     2   Next: 4%
Magic:  2/2        EV: 10    Int: 12    God:    Xom [..*...]
Gold:   48         SH:  3    Dex: 10    Spells: 1/1 levels left

rFire    . . .     SeeInvis .   a - +0 hand axe (chaos)
rCold    . . .     Faith    .   i - +0 buckler
rNeg     . . .     Spirit   .   b - +2 leather armour
rPois    .         Reflect  .   (no helmet)
rElec    .         Harm     .   (no cloak)
rCorr    .         Rampage  .   (no gloves)
Will     .....                  (no boots)
Stlth    +.........             (no amulet)
HPRegen  0.08/turn              (no ring)
MPRegen  0.08/turn              (no ring)

@: no status effects
A: no striking features
a: Renounce Religion


You were on level 1 of the Dungeon.
You worshipped Xom.
You were a toy of Xom.
You visited 1 branch of the dungeon, and saw 1 of its levels.

You collected 48 gold pieces.

Inventory:

Hand Weapons
 a - a +0 hand axe of chaos (weapon)
Missiles
 g - 38 stones (quivered)
Armour
 b - a +2 leather armour (worn)
 i - a +0 buckler (worn)
Jewellery
 e - an uncursed ring of poison resistance {unknown}
Scrolls
 d - 2 scrolls of identify {unknown}
Potions
 c - 2 potions of heal wounds {unknown}
 f - a potion of mutation {unknown}
 h - a potion of resistance {unknown}


   Skills:
 - Level 3.6 Fighting
 + Level 4.7 Axes
 - Level 2.1 Armour
 - Level 0.7 Dodging


You had one spell level left.
You didn't know any spells.
Your spell library was empty.

Dungeon Overview and Level Annotations

Branches:
Dungeon (1/15)

Altars:


Message History

You barely miss the bat. You block the bat's attack.
The bat hits you but does no damage.
Things that are here:
a stone; a dyed leather armour You closely miss the bat.
You block the bat's attack. x2
You miss the bat.
Xom's power touches on a nearby monster.
The bat evaporates and reforms as a wyvern!
The wyvern bites you!
Ouch! That really hurt!
g - 38 stones (gained 1) Xom smirks.
You detect items!
The wyvern barely misses you. x2
You slash the wyvern!
The wyvern is moderately wounded.
The wyvern bites you.
* * * LOW HITPOINT WARNING * * *
The wyvern bites you!
You die...
Xom is highly amused!

#.###########
#.# #.# .##
#.# ... #.#
#. #..## #.#
.##..## #.#
∆. ....## #.#
########....
..... #.#
#...@l....!#
#.##..## #.#
#.##########
#.##..## #.#
#.# #.##..##
#.# #.#
#.##.... #.#
#.# #.###.##
#.# #.# #.#
#.# ###.#
#####.# #.#
#.# ....#
#....>#
#.###.##
.#### #.#####
#.......


You could see a wyvern.

Vanquished Creatures
  2 jackals (D:1)
  A kobold (D:1)
  A frilled lizard (D:1)
  A goblin (D:1)
  3 rats (D:1)
8 creatures vanquished.

Notes
Turn   | Place    | Note
-------+----------+-------------------------------------------
     0 | D:1      | dolemite99 the Hill Orc Chaos Knight began the quest for
                  | the Orb.
     0 | D:1      | Reached XP level 1. HP: 19/19 MP: 1/1
     7 | D:1      | Noticed a hound
     7 | D:1      | Noticed a swamp drake
     7 | D:1      | Noticed a polar bear
     7 | D:1      | Noticed a killer bee
     7 | D:1      | Noticed a salamander
    22 | D:1      | XOM: divination: detect items
    81 | D:1      | XOM: silly message
   173 | D:1      | XOM: divination: magic mapping
   298 | D:1      | XOM: silly message
   383 | D:1      | Reached XP level 2. HP: 23/26 MP: 2/2
   590 | D:1      | XOM: divination: detect items
   673 | D:1      | Noticed a wyvern
   673 | D:1      | a bat changed into a wyvern
   673 | D:1      | XOM: polymorph bat -> wyvern
   674 | D:1      | XOM: divination: detect items
   675 | D:1      | Slain by a wyvern

Illustrated notes

Levels and vault maps discovered:
D:1:      onia_arrival_zoo_common, layout_loops_ring

Action                   || total
-------------------------++-------
Melee: Hand axe          ||    37
Throw: Stone             ||     3
Armor: Leather armour    ||    15
Dodge: Dodged            ||    19
Block: Buckler           ||     3

Table legend: (Time is in decaauts)
 A = Elapsed time spent in this place.
 B = Non-inter-level travel time spent in this place.
 C = Inter-level travel time spent in this place.
 D = Time resting spent in this place.
 E = Time spent auto-exploring this place.
 F = Levels seen in this place.
 G = Mean time per level.
                   A        B        C        D        E       F      G
               +--------+--------+--------+--------+--------+-----+--------+
         Total |    679 |    632 |     47 |     35 |    431 |   1 |  679.0 |
       Dungeon |    679 |    632 |     47 |     35 |    431 |   1 |  679.0 |
               +--------+--------+--------+--------+--------+-----+--------+

Top non-repeatable levels by time:
     D:1: 679 daAuts
